 Dungeon Crawl Stone Soup version 0.26.0-91-g99b343417d (webtiles) character file.

Game seed: 16640111853466826343

697 hawla the Conjurer (level 7, -2/50 HPs)
             Began as a Green Draconian Conjurer on Feb 4, 2021.
             Slain by an ufetubus (5 damage)
             ... on level 5 of the Dungeon.
             The game lasted 00:12:59 (5622 turns).

hawla the Conjurer (Green Draconian Conjurer)       Turns: 5622, Time: 00:13:00

Health: -2/50      AC:  6    Str:  9    XL:     7   Next: 38%
Magic:  4/13       EV: 12    Int: 21    God:
Gold:   199        SH:  4    Dex:  9    Spells: 7/14 levels left

rFire    . . .     SeeInvis .   b - +1 dagger (speed)
rCold    + . .     Faith    .   k - +0 buckler
rNeg     . . .     Spirit   .   (armour unavailable)
rPois    +         Reflect  .   (helmet restricted)
rElec    .         Harm     .   (no cloak)
rCorr    .         Rampage  .   (no gloves)
Will     .....                  (no boots)
Stlth    ++........             (no amulet)
HPRegen  0.16/turn              d - ring of poison resistance
MPRegen  0.13/turn              (no ring)

@: lethally poisoned (-2 -> -5), about to teleport
A: breathe noxious fumes, unfitting armour, cold resistance 1, poison
resistance, cold-blooded, MP-powered wands, AC +6
a: Breathe Noxious Fumes


You were on level 5 of the Dungeon.
You visited 1 branch of the dungeon, and saw 5 of its levels.

You collected 199 gold pieces.

Inventory:

Hand Weapons
 b - a +1 dagger of speed (weapon)
Missiles
 m - 4 boomerangs (quivered)
 q - 10 poisoned darts
Armour
 k - a +0 buckler (worn)
Jewellery
 d - a ring of poison resistance (left hand)
 e - an uncursed ring of ice
 g - a +4 ring of evasion {unknown}
Wands
 n - a wand of iceblast (8)
Scrolls
 a - 2 scrolls of teleportation
 f - 2 scrolls of remove curse
 h - 3 scrolls of fear {unknown}
 i - a scroll of noise {unknown}
 j - 4 scrolls of identify
 o - a scroll of magic mapping {unknown}
 p - a scroll of fog {unknown}
Potions
 c - 3 potions of haste


   Skills:
 - Level 1.7 Dodging
 - Level 1.7 Stealth
 + Level 3.4 Shields
 + Level 4.1 Spellcasting
 + Level 6.3 Conjurations
 - Level 2.0 Translocations
 + Level 0.6 Transmutations
 + Level 1.1 Fire Magic
 + Level 1.3 Poison Magic


You had 7 spell levels left.
You knew the following spells:

 Your Spells              Type           Power        Failure   Level
a - Magic Dart            Conj           100%         1%          1
b - Searing Ray           Conj           62%          1%          2
c - Iskenderun's Mystic   Conj/Tloc      21%          22%         4

Your spell library contained the following spells:

 Spells                   Type           Power        Failure   Level
 Dazzling Flash           Conj/Hex       34%          11%         3
 Fulminant Prism          Conj/Hex       8%           34%         4


Dungeon Overview and Level Annotations

Branches:
Dungeon (5/15)
 Temple: D:4-7

Altars:
Cheibriados
Okawaru
Qazlal
Zin

Shops:
D:4 }


Innate Abilities, Weirdness & Mutations

You can breathe blasts of noxious fumes.
Your lurid green scales are hard. (AC +6)
You cannot fit into any form of body armour.
Your system is resistant to poisons. (rPois)
You are cold-blooded and may be slowed by cold attacks.
Your flesh is cold resistant. (rC+)
You expend magic power (3 MP) to strengthen your wands.


Message History

The ufetubus hits you but does no damage.
The worker ant barely misses you. The worker ant bites you.
* * * LOW HITPOINT WARNING * * *
The quokka skeleton bites you but does no damage.
You block the ufetubus's attack. The ufetubus misses you.
It was a potion of curing.
You feel better. The worker ant bites you.
* * * LOW HITPOINT WARNING * * *
You are poisoned.
The worker ant poisons you! You block the ufetubus's attack.
The ufetubus completely misses you. The worker ant bites you.
* * * LOW HITPOINT WARNING * * *
The quokka skeleton completely misses you.
As you read the scroll of teleportation, it crumbles to dust.
You feel strangely unstable.
You feel sick. The ufetubus barely misses you. The ufetubus hits you.
* * * LOW HITPOINT WARNING * * *
You block the worker ant's attack. The worker ant bites you.
* * * LOW HITPOINT WARNING * * *
The quokka skeleton barely misses you. The ufetubus hits you.
You die...

#### ....# #
#..########### ..
#.......B@..# #.
###....†5BZ.#
#.#####.Y#.#.....#
#.....(.##.#.....#
###)...###.###.###
....>)##.# ..# #.#
..†.## #...### #.#
... ....# #.# ..
...... #..


You could see an ice beast, 2 worker ants, an ufetubus and a quokka skeleton.

Vanquished Creatures
  A phantom (D:3)
  A centaur (D:5)
  A howler monkey (D:5)
  2 hounds
  3 orc wizards
  2 worker ants (D:4)
  Natasha (D:3)
  8 gnolls
  5 adders
  An ooze (D:1)
  5 worms
  2 dart slugs
  A leopard gecko (D:1)
  15 orcs
  13 bats
  3 giant cockroaches
  10 goblins
  11 hobgoblins
  8 jackals
  3 quokkas
  A ball python (D:2)
  7 frilled lizards
  A jackal skeleton (D:4)
  12 kobolds
  6 rats
123 creatures vanquished.

Notes
Turn   | Place    | Note
-------+----------+-------------------------------------------
     0 | D:1      | hawla the Draconian Conjurer began the quest for the Orb.
     0 | D:1      | Reached XP level 1. HP: 14/14 MP: 3/3
   247 | D:1      | Reached XP level 2. HP: 20/20 MP: 0/5
   250 | D:1      | Learned a level 2 spell: Searing Ray
   763 | D:1      | Reached XP level 3. HP: 26/26 MP: 0/6
  1399 | D:2      | You fall into a shaft and drop 1 floor!
  1472 | D:2      | Reached skill level 5 in Conjurations
  1926 | D:2      | Found a faded altar of an unknown god.
  2060 | D:2      | Reached XP level 4. HP: 33/33 MP: 2/8
  2065 | D:2      | Learned a level 4 spell: Iskenderun's Mystic Blast
  2311 | D:3      | Reached skill level 1 in Translocations
  2647 | D:3      | Reached XP level 5. HP: 32/38 MP: 1/9
  2658 | D:3      | Reached skill level 1 in Shields
  3967 | D:4      | Noticed Natasha
  3967 | D:4      | Noticed a phantom
  3973 | D:3      | Killed Natasha
  4184 | D:3      | Killed a phantom
  4185 | D:3      | Reached XP level 6. HP: 17/45 MP: 0/11
  4559 | D:4      | Found Woif's Gadget Emporium.
  4778 | D:4      | Reached skill level 6 in Conjurations
  5043 | D:4      | Found a glowing silver altar of Zin.
  5055 | D:4      | Found an iron altar of Okawaru.
  5058 | D:4      | Found a snail-covered altar of Cheibriados.
  5061 | D:4      | Found a stormy altar of Qazlal.
  5102 | D:4      | Your scales start taking on a lurid green colour.
  5102 | D:4      | Reached XP level 7. HP: 41/50 MP: 4/13
  5102 | D:4      | Gained mutation: Your system is resistant to poisons.
                  | (rPois) [Green Draconian growth]
  5421 | D:5      | Entered Level 5 of the Dungeon
  5597 | D:5      | Reached skill level 1 in Poison Magic
  5599 | D:5      | Reached skill level 1 in Fire Magic
  5620 | D:5      | Gained mutation: You expend magic power (3 MP) to
                  | strengthen your wands. [potion of mutation]
  5620 | D:5      | Gained mutation: Your flesh is cold resistant. (rC+)
                  | [potion of mutation]
  5622 | D:5      | Slain by an ufetubus

Illustrated notes

Levels and vault maps discovered:
D:1:      erik_arrival_blinker_ship, layout_basic, minmay_tall_x
D:2:      layout_basic, chequers_ecumenical_altar_twisty, grunt_ministairs_6
D:3:      layout_basic, grunt_ministairs_6
D:4:      layout_cave_pools, grunt_temple_overflow_cloverleaf, serial_shops,
          shop, uniq_natasha
D:5:      layout_rooms

Skill      XL: |  1  2  3  4  5  6  7 |
---------------+----------------------+-----
Conjurations   | 5 6 |  6.3
Translocations | 1 2 |  2.0
Spellcasting   | 3 4 |  4.1
Shields        | 2 3 |  3.4
Poison Magic   | 1 |  1.3
Fire Magic     | 1 |  1.1
Dodging        | |  1.7
Stealth        | |  1.7
Transmutations | |  0.6

Action                   |  1- 3 |  4- 6 |  7- 9 || total
-------------------------+-------+-------+-------++-------
Melee: Dagger            |    27 |    63 |    17 ||   107
       Tailslap          |     7 |     6 |     1 ||    14
Throw: Boomerang         |       |     5 |       ||     5
 Cast: Magic Dart        |    54 |    39 |     1 ||    94
       Searing Ray       |    16 |    35 |     2 ||    53
       Iskenderun's Myst |       |     9 |     4 ||    13
  Use: Scroll            |     4 |       |     1 ||     5
       Potion            |       |     4 |     2 ||     6
Armor: Skin              |     9 |    20 |    14 ||    43
Dodge: Dodged            |    24 |    66 |    44 ||   134
Block: Buckler           |       |       |    11 ||    11
